AoeStats
← MooseMooch

Arabia

509313102Analyzed
1v1 RM · 6d ago on Sep 26, 2026· 26m 27s· 2 players
Game mode
Random Map
Map size
Tiny (2 player)
Population
200
Speed
Normal
Resources
Standard
Victory
Conquest
Starting age
Dark Age
Ending age
Imperial Age
RankedLock teamsTeams togetherTeam positionsShared explorationLock speedFull tech treeHidden civsTurbo modeCheats
Victory
Defeat
🇩🇪 Persians · Germany
1273
+14
🇩🇪 Portuguese · Germany
1236
-14
MooseMooch
7:04 Loom
9:23 Feudal Age
9:27 Man-at-Arms
10:13 Double-Bit Axe
19:32 Wheelbarrow
19:15 Fletching
24:22 Castle Age
24:57 Scale Barding Armor
24:47 Horse Collar
24:58 Gold Mining
26:17 Bloodlines
26:07 Husbandry
Justus Jonas
6:01 Loom
8:28 Feudal Age
17:45 Double-Bit Axe
20:44 Castle Age
19:40 Scale Barding Armor
20:44 Forging
23:54 Bloodlines
Connection lost

Rejoining the realm…

Still unreachable

The connection could not be restored.

Session expired

The server has moved on; the page needs a fresh start.